 Dungeon Crawl Stone Soup version 0.21-a0-504-g2eda330 (webtiles) character file.

99 slep the Chopper (level 4, 0/37 HPs)
             Began as a Minotaur Wanderer on Nov 26, 2017.
             Succumbed to a scorpion's poison
             ... on level 2 of the Dungeon.
             The game lasted 00:04:12 (794 turns).

slep the Chopper (Minotaur Wanderer)                 Turns: 794, Time: 00:04:12

Health: 0/37       AC:  8    Str: 17    XL:     4   Next: 45%
Magic:  6/6        EV:  7    Int: 11    God:
Gold:   48         SH:  0    Dex:  8    Spells: 7/7 levels left

rFire    . . .     SeeInvis .   b - +0 hand axe
rCold    . . .     Gourm    .   (no shield)
rNeg     . . .     Faith    .   i - +0 chain mail
rPois    .         Spirit   .   (helmet restricted)
rElec    .         Reflect  .   (no cloak)
rCorr    .         Harm     +   (no gloves)
MR       +....                  (no boots)
Stlth    ..........             j - amulet of harm
HPRegen  0.12/turn              h - ring of protection from magic
MPRegen  0.10/turn              (no ring)

@: lethally poisoned (0 -> -4)
A: retaliatory headbutt, horns 2
a: no special abilities


You were on level 2 of the Dungeon.
You were not hungry.

You visited 1 branch of the dungeon, and saw 2 of its levels.

You collected 48 gold pieces.

Inventory:

Hand Weapons
 b - a +0 hand axe (weapon)
 k - a +2 dagger of venom
Armour
 d - a +0 robe
 i - a +0 chain mail (worn)
Jewellery
 h - a ring of protection from magic (left hand)
 j - an amulet of harm (around neck)
Scrolls
 e - a scroll of magic mapping {unknown}
 m - a scroll of immolation {unknown}
 n - a scroll of teleportation {unknown}
 o - a scroll of identify {unknown}
 p - a scroll of enchant weapon {unknown}
Potions
 l - a potion of might {unknown}
Books
 a - a book of Minor Magic

   Spells                             Type                      Level
   a - Magic Dart                     Conjuration                  1
   b - Blink                          Translocation                2
   c - Call Imp                       Summoning                    2
   d - Slow                           Hexes                        2
   e - Conjure Flame                  Conjuration/Fire             3
   f - Mephitic Cloud                 Conjuration/Poison/Air       3
 c - the Collected Works on Evil Rituals

   Spells                             Type                      Level
   a - Animate Skeleton               Necromancy                   1
   b - Regeneration                   Charms/Necromancy            3
Comestibles
 f - 2 bread rations
 g - a royal jelly


   Skills:
 + Level 2.3 Fighting
 + Level 2.9 Axes
 + Level 2.2 Armour
 + Level 0.3 Dodging
 + Level 0.1 Stealth
   Level 2.4 Shields
 + Level 2.2 Spellcasting
   Level 2.1 Necromancy


You had 7 spell levels left.
You didn't know any spells.

Dungeon Overview and Level Annotations

Branches:
Dungeon (2/15)

Altars:


Innate Abilities, Weirdness & Mutations

You reflexively headbutt those who attack you in melee.
You have a pair of horns on your head.


Message History

You feel sick.
* * * LOW HITPOINT WARNING * * *
You feel sick.
* * * LOW HITPOINT WARNING * * *
You feel sick.
* * * LOW HITPOINT WARNING * * *
You feel sick.
* * * LOW HITPOINT WARNING * * *
You feel sick.
* * * LOW HITPOINT WARNING * * *
You feel sick.
* * * LOW HITPOINT WARNING * * *
You feel sick.
* * * LOW HITPOINT WARNING * * *
You feel sick.
* * * LOW HITPOINT WARNING * * *
You feel sick.
* * * LOW HITPOINT WARNING * * *
You feel sick.
You die...

.#.. #.#
.# #.# .#
#.# .# #.#
.## #.#
..### #.#
...... #.#
...###
########.#
#...#
.......@.#
#....
.#########
..## ##


There were no monsters in sight!

Vanquished Creatures
  A scorpion (D:2)
  An adder (D:2)
  An ooze (D:1)
  A dart slug (D:1)
  A leopard gecko (D:1)
  5 bats
  2 giant cockroaches
  8 goblins
  2 hobgoblins (D:1)
  A frilled lizard (D:2)
  6 kobolds
  8 rats
37 creatures vanquished.

Notes
Turn   | Place    | Note
-------+----------+-------------------------------------------
     0 | D:1      | slep the Minotaur Wanderer began the quest for the Orb.
     0 | D:1      | slep set off with: a book of Minor Magic, a +0 hand axe, the Collected Works on Evil Rituals, a +0 robe, a bread ration
     0 | D:1      | Reached XP level 1. HP: 16/16 MP: 1/1
    80 | D:1      | Reached XP level 2. HP: 20/23 MP: 3/3
   481 | D:1      | Reached XP level 3. HP: 19/29 MP: 5/5
   764 | D:2      | Noticed a scorpion
   774 | D:2      | Killed a scorpion
   774 | D:2      | Reached XP level 4. HP: 21/37 MP: 6/6
   792 | D:2      | HP: 1/37 [poisoned by a scorpion]
   794 | D:2      | Succumbed to a scorpion's poison

Vault maps used:
D:1:      lightli_arrival_flooded_house
D:2:      uniq_terence, uniq_jessica, uniq_natasha

Skill      XL: |  1  2  3 |
---------------+----------+-----
Spellcasting   | 2 |  2.2
Axes           | 2 |  2.9
Armour         | 2 |  2.2
Fighting       | 2 |  2.3
Dodging        | |  0.3
Stealth        | |  0.1
Shields        | |  2.4
Necromancy     | |  2.1

Action                   |  1- 3 |  4- 6 || total
-------------------------+-------+-------++-------
Melee: Hand axe          |    85 |       ||    85
       Headbutt          |     9 |       ||     9
Armor: Robe              |     8 |       ||     8
       Chain mail        |    47 |       ||    47
Dodge: Dodged            |    30 |       ||    30

Table legend:
 A = Spawn XP
 B = Non-spawn XP
 C = Spawn XP percentage of total XP
 D = Spawn monster count
 E = Non-spawn monster count
 F = Spawn count percentage of total count
 G = Total turns spent on level
                    A         B        C        D         E        F      G
               +---------+---------+-------+---------+---------+-------+---------
         Total |       0 |     142 |   0.0 |       0 |      37 |   0.0 |   794
               +---------+---------+-------+---------+---------+-------+---------
           D:1 |       0 |      49 |   0.0 |       0 |      26 |   0.0 |   660
           D:2 |       0 |      93 |   0.0 |       0 |      11 |   0.0 |   134
               +---------+---------+-------+---------+---------+-------+---------
